 Dungeon Crawl Stone Soup version 0.31.0-12-g77e489cdc1 (webtiles) character file.

Game seed: 2159110746556711699

4000 Gadfly the Covered (level 10, -2/75 (81) HPs)
             Began as an Armataur Fighter on Mar 1, 2024.
             Was a Believer of the Shining One.
             Slain by a wight
             ... wielding a +2 dire flail
              (7 damage)
             ... on level 8 of the Dungeon.
             The game lasted 00:13:20 (8767 turns).

Gadfly the Covered (Armataur Fighter)               Turns: 8767, Time: 00:13:20

HP:   -2/75 (81)    AC: 13    Str: 23    XL:     10   Next: 3%
MP:   12/15         EV:  4    Int:  8    God:    the Shining One [**....]
Gold: 161           SH: 14    Dex: 13    Spells: 9/9 levels left

rFire   + . .        b - +4 mace (freeze)
rCold   . . .        c - +0 buckler
rNeg    + . .        y - +0 plate armour
rPois   .            n - +1 helmet
rElec   .            (no cloak)
rCorr   .            (no gloves)
SInv    .            (no barding)
Will    .....        (no amulet)
Stlth   x              - ring of protection from fire
HPRegen 0.32/turn    (no ring)
MPRegen 0.14/turn

%: roll
@: divinely shielded, glowing, drained
A: large, deformed body, tough skin 3, armoured tail, roll 2
a: Renounce Religion, Divine Shield


You were on level 8 of the Dungeon.
You worshipped the Shining One.
The Shining One was pleased with you.
You visited 2 branches of the dungeon, and saw 9 of its levels.

You collected 408 gold pieces.
You spent 247 gold pieces at shops.

Inventory:

Hand Weapons
 b - a +4 mace of freezing (weapon)
 t - a +1 morningstar
 z - a +2 short sword of venom
Armour
 c - a +0 buckler (worn)
 n - a +1 helmet (worn)
 y - a +0 plate armour (worn)
Jewellery
 r - a +4 ring of protection
 v - a ring of ice
 x - a ring of protection from fire (left hand)
Wands
 s - a wand of roots (21) (quivered)
 u - a wand of polymorph (15)
Scrolls
 k - 3 scrolls of teleportation
 o - a scroll of enchant armour
 p - a scroll of fear
 q - 2 scrolls of butterflies
 w - 2 scrolls of enchant weapon
 C - a scroll of amnesia
Potions
 d - 2 potions of might
 e - a potion of berserk rage
 g - 2 potions of curing
 h - a potion of lignification
 i - a potion of attraction
 j - a potion of resistance
 l - 2 potions of enlightenment
 m - 2 potions of haste
 A - a potion of cancellation


   Skills:
 + Level 5.2 Fighting
 * Level 6.4 Maces & Flails
 + Level 6.8 Armour
 + Level 6.2 Shields
 * Level 6.6 Invocations
 * Level 6.6 Evocations


You had 9 spell levels left.
You didn't know any spells.
Your spell library contained the following spells:

 Spells                   Type           Power      Damage    Failure   Level
 Call Imp                 Summ           0%         N/A       100%        2
 Lesser Beckoning         Tloc           0%         N/A       100%        2
 Dazzling Flash           Conj/Hex       0%         N/A       100%        3
 Frozen Ramparts          Ice            0%         1d1       100%        3
 Gell's Gravitas          Tloc           0%         N/A       100%        3
 Mephitic Cloud           Conj/Alch/Air  0%         N/A       100%        3
 Teleport Other           Tloc           0%         N/A       100%        3
 Leda's Liquefaction      Alch/Erth      0%         N/A       100%        4
 Petrify                  Alch/Erth      0%         N/A       100%        4
 Vhi's Electric Charge    Tloc/Air       0%         N/A       100%        4
 Arcjolt                  Conj/Air       0%         1d10      100%        5
 Curse of Agony           Necr           0%         N/A       100%        5
 Metabolic Englaciation   Hex/Ice        0%         N/A       100%        5
 Silence                  Hex/Air        0%         N/A       100%        5
 Maxwell's Capacitive Co  Air            0%         ∞         100%        8


Dungeon Overview and Level Annotations

Branches:
Dungeon (8/15)             Temple (1/1) D:5
   Lair: D:8-11

Altars:
Ashenzari
Cheibriados
Dithmenos
Elyvilon
Fedhas
Gozag
Hepliaklqana
Kikubaaqudgha
Makhleb
Nemelex Xobeh
Qazlal
Ru
Sif Muna
Trog
Uskayaw
Vehumet
Xom
Yredelemnul
Zin
The Shining One

Shops:
D:1 *(   D:2 *   D:3 ?   D:4 *   D:7 (

Annotations:
D:3 2 transporters, superradish's ghost, amateur OpSh


Innate Abilities, Weirdness & Mutations

Armour fits poorly on your strangely shaped body.
You have extremely tough skin. (AC +3)
You have a long armoured tail.
You regenerate magic and health when rolling toward enemies. (Rampage Regen)


Message History

You feel much better. The wight barely misses you.
The wight hits you from afar with a +0 halberd!
* * * LOW HITPOINT WARNING * * *
You hit the wight.
The wight is severely damaged.
The wight hits you with a +2 dire flail!
* * * LOW HITPOINT WARNING * * *
The wight hits you from afar with a +0 halberd.
* * * LOW HITPOINT WARNING * * *
The wight hits you with a +2 dire flail.
* * * LOW HITPOINT WARNING * * *
You feel much better.
The wight hits you from afar with a +0 halberd.
* * * LOW HITPOINT WARNING * * *
The wight hits you with a +2 dire flail.
* * * LOW HITPOINT WARNING * * *
You partially resist.
You feel drained.
Your shield is strengthened by the Shining One's divine power.
A kobold comes into view. It is wielding a +0 club.
The wight hits you from afar with a +0 halberd.
* * * LOW HITPOINT WARNING * * *
The wight hits you with a +2 dire flail.
* * * LOW HITPOINT WARNING * * *
You partially resist.
You feel drained.
You hit the wight.
The wight is severely damaged.
You block the wight's attack.
The wight hits you with a +2 dire flail.
* * * LOW HITPOINT WARNING * * *
You partially resist.
You feel drained.
You hit the wight but do no damage.
The wight is severely damaged.
You block the wight's attack. x2
The wight hits you from afar with a +0 halberd.
* * * LOW HITPOINT WARNING * * *
You partially resist.
You feel drained.
You hit the wight.
The wight is almost destroyed.
The wight hits you with a +2 dire flail!
You die...

#...# ..#.# #.. .... ##.#.#
##. ... #....# #. # ##..
###..#.# #. #. #..
#......######.
###.#.##.#######.............
......................######.
#.$#####.#......######.
#.KKzz@..#........)....
#..#################### #..#
#..# #..# #..# >..# ####


You could see 2 wights and 2 kobolds.

Vanquished Creatures
  Maurice (D:8)
  2 water moccasins
  3 ice beasts
  3 orc warriors
  A black bear (D:5)
  2 sky beasts
  2 ogres
  2 phantoms
  A kobold brigand (D:8)
  Blork the orc (D:4)
  2 bullfrogs
  3 scorpions
  A burial acolyte (D:6)
  14 wights
  5 killer bees (D:7)
  2 electric eels (D:6)
  2 howler monkeys (D:8)
  3 jellies
  A bombardier beetle (D:5)
  5 hounds
  A sleepcap (D:6)
  4 iguanas
  Ijyb (D:5)
  Terence (D:2)
  2 orc wizards
  Robin (D:2)
  A gnoll (D:1)
  8 adders
  2 shadow imps
  A white imp (D:7)
  3 ufetubi
  An adder zombie (D:6)
  A dart slug (D:5)
  11 orcs
  3 endoplasms
  3 giant cockroaches
  13 goblins
  6 hobgoblins
  4 jackals (D:2)
  6 kobolds
  2 quokkas
  7 ball pythons
  6 bats
  3 frilled lizards
  2 jackal zombies (D:6)
  5 rats
154 creatures vanquished.

Notes
Turn   | Place    | Note
-------+----------+-------------------------------------------
     0 | D:1      | Gadfly the Armataur Fighter began the quest for the Orb.
     0 | D:1      | Reached XP level 1. HP: 18/18 MP: 1/1
     9 | D:1      | Found Xoocutil's Antique Weapon Shoppe.
    72 | D:1      | Found Cazxedgh's General Store.
   128 | D:1      | Reached XP level 2. HP: 13/25 MP: 2/2
   308 | D:1      | Found a faded altar of an unknown god.
   357 | D:1      | Reached skill level 1 in Invocations
   448 | D:1      | Found Wuaqicap's Antique Weapon Shoppe.
   471 | D:1      | Reached skill level 1 in Evocations
   977 | D:2      | Reached XP level 3. HP: 30/30 MP: 3/3
  1180 | D:2      | Noticed Terence
  1185 | D:2      | Killed Terence
  1369 | D:2      | Reached XP level 4. HP: 24/37 MP: 5/5
  1601 | D:2      | Found Bukhlof's General Store.
  1623 | D:2      | Bought a scroll of teleportation for 33 gold pieces
  1825 | D:2      | Noticed Robin
  1827 | D:2      | Killed Robin
  2052 | D:1      | Bought a potion of curing for 36 gold pieces
  2382 | D:3      | Found Sieppo Nythu's Magic Scroll Emporium.
  2544 | D:3      | Found a transporter.
  2554 | D:3      | Found a transporter.
  2564 | D:3      | Noticed superradish's ghost (amateur OpSh)
  2635 | D:3      | Reached XP level 5. HP: 43/45 MP: 6/6
  2832 | D:3      | Found a blossoming altar of Fedhas.
  2985 | D:3      | Bought a scroll of fear for 52 gold pieces
  3007 | D:4      | Found Zuthudd's Assorted Antiques.
  3014 | D:4      | Noticed Blork the orc
  3023 | D:4      | Killed Blork the orc
  3158 | D:4      | Bought a yellow potion for 22 gold pieces
  3204 | D:4      | Identified the +3 sling of Egyahog {flame, Str+3}
  3274 | D:4      | Found a broken altar of Ashenzari.
  3524 | D:4      | Found a hide-covered altar of Uskayaw.
  3706 | D:4      | Reached XP level 6. HP: 51/51 MP: 7/7
  4159 | D:5      | Entered Level 5 of the Dungeon
  4233 | D:5      | Noticed an ice beast
  4240 | D:5      | Killed an ice beast
  4391 | D:5      | Noticed Ijyb
  4403 | D:5      | Killed Ijyb
  4415 | D:5      | Gained mutation: You regenerate magic and health when
                  | rolling toward enemies. (Rampage Regen) [Armataur growth]
  4415 | D:5      | Reached XP level 7. HP: 36/57 MP: 9/9
  4487 | D:5      | Found a shimmering blue altar of Sif Muna.
  4494 | D:5      | Got Sif Muna's Anthology of the Familiar
  4914 | D:5      | Found a bloodstained altar of Trog.
  5031 | D:5      | Reached skill level 5 in Armour
  5195 | D:5      | Reached XP level 8. HP: 45/66 MP: 11/11
  5357 | D:5      | Found a staircase to the Ecumenical Temple.
  5367 | Temple   | Entered the Ecumenical Temple
  5375 | Temple   | Became a worshipper of the Shining One
  5410 | D:5      | HP: 3/66 [poisoned by a water moccasin]
  5832 | D:6      | Found a white marble altar of Elyvilon.
  6028 | D:6      | Reached skill level 5 in Shields
  6186 | D:6      | Found an ancient bone altar of Kikubaaqudgha.
  6683 | D:6      | Reached skill level 5 in Maces & Flails
  6683 | D:6      | Reached skill level 5 in Invocations
  6683 | D:6      | Reached skill level 5 in Evocations
  6954 | D:7      | Reached * piety under the Shining One
  6968 | D:7      | Reached XP level 9. HP: 68/72 MP: 12/12
  7014 | D:7      | Identified the +2 robe "Eluu" {Dex+3}
  7670 | D:7      | Found Hiaciud's Weapon Boutique.
  8098 | D:7      | Reached ** piety under the Shining One
  8403 | D:3      | Bought a scroll of identify for 26 gold pieces
  8403 | D:3      | Bought a scroll of amnesia for 52 gold pieces
  8403 | D:3      | Bought a scroll of identify for 26 gold pieces
  8501 | D:8      | Reached skill level 5 in Fighting
  8724 | D:8      | Noticed Maurice
  8728 | D:8      | Maurice stole a +0 flail of flaming
  8729 | D:8      | Killed Maurice
  8752 | D:8      | Reached XP level 10. HP: 23/76 MP: 14/14
  8767 | D:8      | Slain by a wight

Illustrated notes

Levels and vault maps discovered:
D:1:      ebering_trefoil_3fold, layout_basic,
          hellmonk_ecumenical_altar_heavens_door, serial_shops, shop, shop,
          nicolae_shop_tiny_glass, st_stairs_14, serial_bayou_pond_e
D:2:      layout_loops_corners, serial_shops, nicolae_shop_window_shopping,
          uniq_robin, uniq_terence
D:3:      layout_loops_ring, marbit_many_paths, serial_shops, shop,
          gammafunk_ghost_stat_death, minmay_misc_feat_alley
D:4:      layout_layer_cave, mainiacjoe_overflow_small_starburst,
          overflow_temple_1_default, serial_shops, shop_fountains,
          uniq_blork_the_orc
D:5:      layout_gridville, nzn_overflow_gifts_of_might_and_magic,
          minmay_temple_entry_statues_fountains, kennysheep_dice, uniq_ijyb
D:6:      layout_basic, lemuel_zombie_altar_kikubaaqudgha,
          mainiacjoe_overflow_paths, lightli_minifort
D:7:      layout_cave_pods, serial_shops, shop, hangedman_decor_points
D:8:      layout_loops_ring, uniq_maurice
Temple:   nicolae_temple_bog_church

Skill      XL: |  1  2  3  4  5  6  7  8  9 |
---------------+----------------------------+-----
Maces & Flails | 2 3 4 5 6 |  6.4
Invocations    | 1 2 3 4 5 6 |  6.6
Evocations     | 1 2 3 4 5 6 |  6.6
Armour         | 4 5 6 |  6.8
Fighting       | 3 4 5 |  5.2
Shields        | 4 5 6 |  6.2

Action                     |  1- 3 |  4- 6 |  7- 9 | 10-12 || total
---------------------------+-------+-------+-------+-------++-------
  Melee: Flail             |    93 |    63 |   177 |       ||   333
         Tailslap          |     7 |    15 |    39 |       ||    61
         Morningstar       |       |    19 |       |       ||    19
         Short sword       |       |    65 |    23 |       ||    88
         Mace              |       |       |    81 |    13 ||    94
 Invoke: Divine Shield     |       |       |       |     1 ||     1
    Use: Scroll            |     1 |    10 |     7 |       ||    18
         Potion            |       |     1 |     4 |     2 ||     7
 Armour: Scale mail        |    86 |    99 |   150 |       ||   335
         Plate armour      |       |       |   103 |    19 ||   122
         Skin              |       |       |    21 |       ||    21
  Dodge: Dodged            |    37 |    43 |    88 |     2 ||   170
  Block: Buckler           |    19 |    28 |    83 |     5 ||   135
